 Dungeon Crawl Stone Soup version 0.16.1-16-gc44b35d (webtiles) character file.

4099 KarvaRausku the Cleaver (level 10, -1/56 HPs)
             Began as a Gargoyle Fighter on Apr 16, 2015.
             Slain by Grum
             ... wielding a +0 spear
              (10 damage)
             ... on level 8 of the Dungeon.
             The game lasted 00:22:53 (9269 turns).

KarvaRausku the Cleaver (Gargoyle Fighter)          Turns: 9269, Time: 00:22:53

Health: -1/56      AC: 17    Str: 21    XL:     10   Next: 26%
Magic:  10/10      EV:  5    Int: 10    God:
Gold:   372        SH: 11    Dex: 10    Spells: 0 memorised, 9 levels left

rFire  . . .     SeeInvis .     a - +0 war axe
rCold  . . .     Clarity  .     u - +0 chain mail
rNeg   + . .     SustAb   +     L - +2 shield
rPois  ∞         Gourm    .     (no helmet)
rElec  +         Spirit   .     b - +0 cloak
rCorr  .         Warding  .     (no gloves)
rMut   .         Stasis   .     (no boots)
MR     .....                    B - amulet of rage
Stlth  ..........               P - ring of sustain abilities
                                J - +1 ring of slaying

@: not resistant to hostile enchantments, extremely unstealthy
A: negative energy resistance 1, electricity resistance, unbreathing,
petrification resistance, rot immunity, AC +7
a: Evoke Berserk Rage


You were on level 8 of the Dungeon.
You were very hungry.

You visited 1 branch of the dungeon, and saw 8 of its levels.

You collected 372 gold pieces.

Inventory:

Hand weapons
 a - a +0 war axe (weapon)
Missiles
 H - 11 steel sling bullets
Armour
 b - a +0 cloak (worn)
 j - a cursed +2 centaur barding
 u - a +0 chain mail (worn)
 L - a +2 shield (worn)
Magical staves
 W - an uncursed staff of death {unknown}
Jewellery
 h - an uncursed ring of fire
 m - an uncursed ring of stealth {unknown}
 x - an uncursed amulet of the gourmand
 B - an amulet of rage (around neck)
 F - an uncursed ring of positive energy
 J - a +1 ring of slaying (left hand)
 P - a ring of sustain abilities (right hand)
 Z - an uncursed ring of positive energy
Magical devices
 z - a wand of fire (0)
 N - a wand of draining (1)
 Y - a wand of magic darts (0)
Scrolls
 i - a scroll of noise {unknown}
 k - 2 scrolls of fog {unknown}
 l - 3 scrolls of magic mapping {unknown}
 n - 4 scrolls of identify
 y - 3 scrolls of remove curse
 A - 2 scrolls of teleportation {unknown}
 C - a scroll of enchant armour {unknown}
 E - 2 scrolls of enchant weapon {unknown}
 Q - a scroll of holy word {unknown}
 V - a scroll of torment {unknown}
Potions
 e - a potion of might
 f - a potion of haste {unknown}
 g - 2 potions of curing
 p - 2 potions of heal wounds {unknown}
 q - 3 potions of restore abilities {unknown}
 r - a potion of cure mutation {unknown}
 s - 3 potions of magic {unknown}
 t - 2 potions of agility
 D - a potion of cancellation {unknown}
 G - 4 potions of lignification {unknown}
 K - a potion of berserk rage
 M - a potion of mutation {unknown}
 O - a potion of ambrosia {unknown}
 R - a potion of resistance {unknown}
 S - a potion of poison {unknown}
Books
 X - a book of Burglary

   Spells                             Type                      Level
   a - Swiftness                      Charms/Air                   2
   b - Passwall                       Transmutation/Earth          3
   c - Passage of Golubria            Translocation                4
   d - Lee's Rapid Deconstruction     Earth                        5
   e - Invisibility                   Hexes                        6
   f - Darkness                       Hexes                        7
Miscellaneous
 U - a plain deck of defence
Comestibles
 d - 5 bread rations
 v - 2 meat rations
 w - 2 slices of pizza
 I - a beef jerky
 T - 4 chunks of flesh


   Skills:
 - Level 3.2 Fighting
 + Level 13.0 Axes
 - Level 3.2 Armour
 - Level 3.2 Shields


You had 9 spell levels left.
You didn't know any spells.

Dungeon Overview and Level Annotations

Branches:
Dungeon (8/15)             Temple (0/1) D:7
   Lair: D:8-11

Altars:
Ashenzari
Cheibriados
Dithmenos
Nemelex Xobeh
Qazlal
Ru
Sif Muna
Trog
Vehumet

Shops:
D:5 %

Annotations:
D:6 Rustlers' ghost, experienced HuAr
D:8 Grum


Innate Abilities, Weirdness & Mutations

You are resistant to torment.
You are immune to poison.
Your stone body is very resilient (AC +7).
You resist negative energy.
You are resistant to electric shocks.
You can survive without breathing.
You are immune to petrification.
You are immune to rotting.


Message History

The wolf is moderately wounded.
The wolf bites you but does no damage. You block the wolf's attack.
You block Grum's attack. Grum blocks your attack.
Grum is almost dead.
You closely miss the wolf.
The wolf is moderately wounded.
The wolf bites you.
* * * LOW HITPOINT WARNING * * *
You block Grum's attack.
Drink which item? (? for menu, Esc to quit)
Okay, then.
The wolf bites you but does no damage. You block Grum's attack.
You see here a sling bullet.
You block the wolf's attack.
You see here a sling bullet.
Drink which item? (? for menu, Esc to quit)
You feel better. The wolf bites you but does no damage.
Grum hits you from afar with a spear!
You die...

.....# ##.....###.#.# #... #.
.....## ####....#.#.# ...# #.
####..## ##.#...#.# .#.# ##.
##..## #.###...###...# ##..
####..## #.##.........# #..#
##...#..## #...........### #.##
##.....#..####.g.........<## #.#
#.......#......#h#.##.###..###.##
#.......##.#####@#.##.# ##.gr...#
#..........# ##...##.# ###....@
#..........####..#).#.## #.####
##.....###.......##.#..# #.# #
........####..##.##..#.# #.# #
.######...##..##.###...# #.# .#
###.#...##.# ##..# #.#### .###
#.....#..####..#####..... ...###
###...................###


You could see Grum and a wolf.

Vanquished Creatures
  Maurice (D:8)
  Joseph (D:8)
  Grinder (D:5)
  Prince Ribbit (D:6)
  Eustachio (D:4)
  The ghost of SosiskaBagetyon the Cudgeler, an average HuWn of Xom (D:3)
  2 wolves
  Edmund (D:5)
  A phantom (D:5)
  A sky beast (D:6)
  2 black bears
  An ice beast (D:7)
  4 ogres
  A wasp (D:8)
  2 centaurs
  Duvessa (D:7)
  2 giant frogs (D:7)
  Blork the orc (D:4)
  2 goliath beetles
  Dowan (D:7)
  A wasp zombie (D:8)
  2 jellies
  4 hounds
  2 orc priests (D:7)
  A gnoll shaman (D:5)
  A giant frog skeleton (D:4)
  An iguana (D:7)
  A quasit (D:8)
  3 orc wizards
  6 worker ants
  Jessica (D:3)
  A mummy (D:8)
  3 river rats (D:4)
  11 adders
  9 gnolls
  2 white imps (D:4)
  3 shadow imps
  3 giant mites
  3 worms
  2 ufetubi (D:4)
  An adder zombie (D:6)
  2 adder skeletons (D:5)
  2 oozes (D:1)
  22 orcs
  2 ball pythons
  A bat skeleton (D:5)
  13 goblins
  14 hobgoblins
  5 jackals
  8 quokkas
  10 bats
  9 giant cockroaches
  6 giant geckos
  A giant gecko skeleton (D:5)
  8 giant newts
  16 kobolds
  A quokka skeleton (D:6)
  A quokka zombie (D:5)
  15 rats
225 creatures vanquished.

Notes
Turn   | Place    | Note
--------------------------------------------------------------
     0 | D:1      | KarvaRausku, the Gargoyle Fighter, began the quest for the Orb.
     0 | D:1      | Reached XP level 1. HP: 14/14 MP: 1/1
   290 | D:1      | Reached XP level 2. HP: 19/19 MP: 2/2
   861 | D:2      | Reached XP level 3. HP: 23/23 MP: 3/3
  1226 | D:2      | Reached XP level 4. HP: 28/28 MP: 4/4
  1475 | D:2      | Found a bloodstained altar of Trog.
  1481 | D:2      | Found a deep blue altar of Sif Muna.
  1484 | D:2      | Found a snail-covered altar of Cheibriados.
  1574 | D:2      | Reached skill level 4 in Axes
  1776 | D:3      | Noticed Jessica
  1785 | D:3      | Killed Jessica
  1785 | D:3      | Reached XP level 5. HP: 27/32 MP: 5/5
  2247 | D:3      | Noticed SosiskaBagetyon's ghost (average HuWn)
  2476 | D:4      | Noticed Blork the orc
  2497 | D:4      | Killed Blork the orc
  2497 | D:4      | Reached skill level 5 in Axes
  2615 | D:4      | Found a stormy altar of Qazlal.
  2708 | D:4      | Reached XP level 6. HP: 37/37 MP: 6/6
  2884 | D:4      | Noticed Eustachio
  2969 | D:4      | Killed Eustachio
  2969 | D:4      | Reached skill level 6 in Axes
  3103 | D:4      | Found a shattered altar of Ashenzari.
  3155 | D:4      | Reached XP level 7. HP: 32/41 MP: 7/7
  3277 | D:5      | Entered Level 5 of the Dungeon
  3308 | D:5      | Noticed Edmund
  3326 | D:5      | Killed Edmund
  3326 | D:5      | Reached skill level 7 in Axes
  3533 | D:5      | Noticed Grinder
  3553 | D:5      | Killed Grinder
  3553 | D:5      | Reached skill level 8 in Axes
  3823 | D:5      | Reached XP level 8. HP: 23/46 MP: 8/8
  3957 | D:5      | Found a shadowy altar of Dithmenos.
  4192 | D:5      | Found Triel's Food Shop.
  4314 | D:5      | Reached skill level 9 in Axes
  4859 | D:6      | Found a sacrificial altar of Ru.
  4864 | D:6      | Noticed Prince Ribbit
  5100 | D:6      | Reached skill level 10 in Axes
  5148 | D:6      | Noticed Rustlers' ghost (experienced HuAr)
  5284 | D:3      | Killed SosiskaBagetyon's ghost
  5284 | D:3      | Reached XP level 9. HP: 42/51 MP: 9/9
  5587 | D:6      | Killed Prince Ribbit
  5823 | D:7      | Found a radiant altar of Vehumet.
  5949 | D:7      | Reached skill level 11 in Axes
  6760 | D:7      | Noticed Duvessa
  6783 | D:7      | Killed Duvessa
  6810 | D:7      | Noticed Dowan
  6820 | D:7      | Killed Dowan
  7395 | D:7      | Found a staircase to the Ecumenical Temple.
  7460 | D:8      | Found a sparkling altar of Nemelex Xobeh.
  7728 | D:8      | Reached skill level 12 in Axes
  8081 | D:8      | Noticed Maurice
  8786 | D:8      | Noticed Grum
  8789 | D:8      | Noticed Joseph
  8796 | D:8      | Reached XP level 10. HP: 48/56 MP: 10/10
  9104 | D:8      | Killed Maurice
  9224 | D:8      | Killed Joseph
  9224 | D:8      | Reached skill level 13 in Axes
  9269 | D:8      | Slain by Grum

Action                   |  1- 3 |  4- 6 |  7- 9 | 10-12 || total
-------------------------+-------+-------+-------+-------++-------
Melee: War axe           |   129 |   253 |   633 |    62 ||  1077
 Abil: Evoke Berserk Rag |       |       |     4 |     1 ||     5
Evoke: Wand              |       |       |     3 |       ||     3
  Use: Scroll            |       |     3 |       |       ||     3
       Potion            |       |       |       |     1 ||     1
  Eat: Bread ration      |       |     1 |     1 |       ||     2
       Chunk             |       |    16 |    31 |     1 ||    48
